Map: King's Cove LE

Players

Ziggy - Winner!

  • Race: Terran Terran
  • Spawn Location: 5:00

Gerald

  • Race: Protoss Protoss
  • Spawn Location: 11:00

Event: 2019 WCS Spring

VOD

Have the link to the VOD?

Description

Time

  • Played on: May 17, 2019, 2:48 p.m.
  • Length: 5:03

All games in this series

Show
View Real Time Build Order
Export as new Build Order

Ziggy Terran - Winner!

Build Orders: Gas First Reaper Expand 

Get SALT Encoding   

  12  0:00  SCV  
  13  0:12  SCV  
  14  0:17  Supply Depot  
  14  0:24  SCV  
  15  0:30  Refinery  
  15  0:39  SCV  
  16  0:45  Barracks  
  16  0:51  SCV  
  17  1:03  SCV  
  18  1:15  SCV  
  19  1:18  Engineering Bay  
  19  1:33  Reaper, Orbital Command  
  20  2:01  Command Center  
  20  2:10  Factory  
  20  2:13  Barracks Reactor  
  20  2:15  SCV  
  21  2:24  Refinery  
  21  2:30  SCV  
  21  2:31  Supply Depot  
  22  2:42  SCV  
  23  2:52  Marine x2  
  23  2:54  SCV, Widow Mine  
  23  2:57  Starport  
  28  3:06  SCV  
  28  3:10  Marine x2  
  31  3:16  Orbital Command  
  31  3:19  Factory Tech Lab  
  31  3:21  SCV  
  32  3:28  Marine x2  
  32  3:33  SCV  
  35  3:37  Medivac  
  37  3:42  Cyclone  
  40  3:48  Orbital Command, Marine  
  40  3:49  Marine  
  40  3:55  SCV  
  43  4:01  Supply Depot  
  43  4:06  Marine x2  
  46  4:17  SCV  
  46  4:21  Supply Depot  
  46  4:23  SCV, Siege Tank  
  50  4:27  Starport Tech Lab  
  50  4:29  SCV  
  51  4:31  Refinery  
  51  4:35  SCV  
  52  4:40  Supply Depot  
Show
View Real Time Build Order
Export as new Build Order

Gerald Protoss 

Build Orders:  

Get SALT Encoding   

  12  0:00  Probe  
  13  0:12  Probe  
  14  0:18  Pylon  
  14  0:23  Probe  
  15  0:32  Probe  
  15  0:37  Gateway  
  15  0:40  Probe  
  16  0:47  Assimilator  
  17  0:53  Probe  
  18  1:05  Probe  
  19  1:17  Probe  
  20  1:25  Zealot  
  20  1:26  Cybernetics Core  
  20  1:27  Pylon  
  20  1:31  Probe  
  23  1:35  Assimilator  
  23  1:45  Probe  
  24  2:01  Nexus, Adept  
  24  2:04  Warp Gate  
  27  2:15  Probe  
  27  2:27  Probe  
  28  2:30  Adept  
  30  2:40  Probe  
  30  2:48  Twilight Council  
  30  2:52  Probe  
  30  2:56  Pylon  
  31  3:12  Stalker, Probe  
  34  3:14  Probe  
  35  3:24  Probe  
  35  3:26  Probe  
  37  3:36  Probe  
  37  3:38  Probe  
  36  3:42  Stalker  
  37  3:48  Probe  
  37  3:50  Probe  
  39  4:01  Probe  
  39  4:02  Probe  
  41  4:03  Gateway x2  
  41  4:14  Probe  
  42  4:20  Probe  
  43  4:25  Pylon, Robotics Facility  
  43  4:26  Probe  
  43  4:31  Stalker  
  46  4:32  Probe  
  46  4:35  Shield Battery  
  46  4:38  Probe  
  48  4:44  Probe  
  45  4:59  Stalker x3  
Tags
 
Add a new tag
Caveats
  • Supply blocks, unpowered buildings, or Contaminate may cause inaccurate times.
  • Supply counts are checked every 10 seconds.